 Dungeon Crawl Stone Soup version 0.29-a0-330-g52719c12eb (webtiles) character file.

Game seed: 2718151874942003938

1176 kae the Firebug (level 7, -6/50 HPs)
             Began as a Demigod Fire Elementalist on Apr 27, 2022.
             Mangled by an ogre
             ... wielding a +0 giant spiked club
              (30 damage)
             ... on level 6 of the Dungeon.
             The game lasted 00:04:41 (6519 turns).

kae the Firebug (Demigod Fire Elementalist)         Turns: 6519, Time: 00:04:42

Health: -6/50      AC:  5    Str:  9    XL:     7   Next: 98%
Magic:  24/26      EV: 12    Int: 25    God:
Gold:   37         SH:  0    Dex: 14    Spells: 6/16 levels left

rFire   . . .      SeeInvis .   (no weapon)
rCold   . . .      Faith    .   (no shield)
rNeg    . . .      Spirit   .   a - +0 robe
rPois   .          Reflect  .   p - +1 helmet
rElec   .          Harm     .   q - +0 cloak
rCorr   .          Rampage  .   (no gloves)
Will    .....                   (no boots)
Stlth   ++........              (no amulet)
HPRegen 0.16/turn               t - ring of magical power
MPRegen 0.20/turn               (no ring)

@: no status effects
A: high MP 1, forlorn, divine attributes
a: no special abilities


You were on level 6 of the Dungeon.
You visited 1 branch of the dungeon, and saw 6 of its levels.

You collected 322 gold pieces.
You spent 285 gold pieces at shops.

Inventory:

Hand Weapons
 n - a +4 short sword
Armour
 a - a +0 robe (worn)
 p - a +1 helmet (worn)
 q - a +0 cloak (worn)
Jewellery
 t - a ring of magical power (left hand)
Wands
 e - a wand of mindburst (9)
Scrolls
 c - 2 scrolls of magic mapping
 k - a scroll of enchant armour
 o - a scroll of teleportation
 s - a scroll of blinking
 u - a scroll of fear
Potions
 b - 4 potions of magic
 d - a potion of invisibility
 f - 6 potions of curing
 g - a potion of resistance
 h - a potion of flight
 i - a potion of cancellation
 j - 3 potions of attraction
 l - 2 potions of lignification
 m - a potion of degeneration
 r - 2 potions of might
 v - 2 potions of haste
 w - a potion of brilliance
 x - a potion of heal wounds
 z - a potion of berserk rage {unknown}


   Skills:
 - Level 1.7 Dodging
 - Level 1.7 Stealth
 + Level 5.0 Spellcasting
 + Level 5.1 Conjurations
 + Level 5.8 Fire Magic


You had 6 spell levels left.
You knew the following spells:

 Your Spells              Type           Power      Damage    Failure   Level
a - Foxfire               Conj/Fire      100%       2x1d9     1%          1
b - Scorch                Fire           70%        2d8       1%          2
c - Magic Dart            Conj           100%       1d8       1%          1
d - Inner Flame           Hex/Fire       20%        N/A       8%          3
e - Conjure Flame         Conj/Fire      33%        6-21      2%          3

Your spell library contained the following spells:

 Spells                   Type           Power      Damage    Failure   Level
 Searing Ray              Conj           62%        2d6       1%          2
 Flame Wave               Conj/Fire      33%        2d8       9%          4
 Sticky Flame             Conj/Fire      33%        2d5       9%          4
 Ignite Poison            Fire/Tmut/Pois 15%        N/A       11%         3
 Fulminant Prism          Conj/Hex       9%         3d7       28%         4
 Hailstorm                Conj/Ice       19%        3d6       28%         4
 Ice Form                 Ice/Tmut       6%         N/A       63%         4
 Simulacrum               Ice/Necr       3%         N/A       100%        6


Dungeon Overview and Level Annotations

Branches:
Dungeon (6/15)             Temple (0/1) D:5

Shops:
D:5 !(


Innate Abilities, Weirdness & Mutations

You have an increased reservoir of magic. (+10% MP)
You shall have no god before yourself.
Your divine heritage dramatically boosts your attributes as you level up.


Message History

z - a dark potion
There is a stone staircase leading down here.
An orc priest comes into view. It is wielding a +0 flail.
The orc priest moves out of view.
An ogre comes into view. It is wielding a +0 giant spiked club.
There are monsters nearby!
There are monsters nearby!
The orc priest shouts!
You hear a shout!
Casting: Scorch (safe; 1% risk of failure)
Confirm with . or Enter, or press ? or * to list all spells.
You conjure some foxfire!
The foxfire hits the orc priest.
The orc priest is lightly wounded.
The orc priest looks satisfied for a moment.
The foxfire hits the ogre.
The ogre is lightly wounded.
Casting: Foxfire (safe; 1% risk of failure)
Confirm with . or Enter, or press ? or * to list all spells.
You conjure some foxfire!
An orc priest comes into view. It is wielding a +0 hand axe.
The foxfire hits the ogre!
The ogre is heavily wounded.
The foxfire hits the ogre.
The ogre is heavily wounded.
Casting: Foxfire (safe; 1% risk of failure)
Confirm with . or Enter, or press ? or * to list all spells.
You conjure some foxfire!
An orc comes into view. It is wielding a +2 vorpal flail.
The orc priest invokes the aid of Beogh against you.
Beogh smites you!
The foxfire hits the ogre.
The ogre is heavily wounded.
The foxfire hits the ogre!
The ogre is severely wounded.
The orc priest invokes the aid of Beogh against you.
Beogh smites you!
You hear a shout!
The ogre hits you with a +0 giant spiked club!!
Ouch! That really hurt!
You die...

#.#..#
#.#..#
#.#..#
#.#..# #
##.#..#
#..###.....#
...........#
.
..###...###
....####@##
...o.ooO.#
....###### #


You could see an ogre, 2 orc priests and an orc.

Vanquished Creatures
  An ice beast (D:5)
  A sky beast (D:4)
  3 ogres
  3 bullfrogs
  A necrophage (D:4)
  2 scorpions (D:5)
  A jelly (D:5)
  A hound (D:5)
  2 orc priests (D:4)
  A gnoll shaman (D:5)
  2 orc wizards
  3 gnolls (D:5)
  4 adders
  2 white imps (D:5)
  An ufetubus (D:4)
  3 dart slugs
  12 orcs
  4 bats
  9 endoplasms
  3 giant cockroaches
  4 goblins
  6 hobgoblins
  6 jackals
  2 quokkas
  6 ball pythons
  3 frilled lizards (D:1)
  5 kobolds
  6 rats
97 creatures vanquished.

Vanquished Creatures (others)
  343 foxfires
343 creatures vanquished.

Grand Total: 440 creatures vanquished

Notes
Turn   | Place    | Note
-------+----------+-------------------------------------------
     0 | D:1      | kae the Demigod Fire Elementalist began the quest for the
                  | Orb.
     0 | D:1      | Reached XP level 1. HP: 14/14 MP: 5/5
    77 | D:1      | Reached skill level 1 in Conjurations
   263 | D:1      | Reached XP level 2. HP: 20/20 MP: 4/7
   270 | D:1      | Learned a level 2 spell: Scorch
  1565 | D:2      | Reached XP level 3. HP: 18/26 MP: 0/9
  1696 | D:2      | Learned a level 1 spell: Magic Dart
  3312 | D:4      | Noticed a bullfrog
  3318 | D:4      | Killed a bullfrog
  3319 | D:4      | Reached XP level 4. HP: 24/33 MP: 3/11
  3447 | D:4      | Noticed a necrophage
  3452 | D:4      | Killed a necrophage
  3453 | D:4      | Reached XP level 5. HP: 24/38 MP: 5/12
  4186 | D:4      | Reached XP level 6. HP: 45/45 MP: 9/14
  4190 | D:4      | Learned a level 3 spell: Conjure Flame
  4194 | D:4      | Learned a level 3 spell: Inner Flame
  4626 | D:5      | Entered Level 5 of the Dungeon
  5012 | D:5      | Reached XP level 7. HP: 50/50 MP: 8/16
  5047 | D:5      | Reached skill level 5 in Fire Magic
  5892 | D:5      | Found Zeromur's Distillery.
  5898 | D:5      | Bought a potion of heal wounds for 75 gold pieces
  5900 | D:5      | Bought a potion of lignification for 45 gold pieces
  5900 | D:5      | Bought a potion of curing for 45 gold pieces
  5900 | D:5      | Bought a potion of cancellation for 120 gold pieces
  6022 | D:5      | Found Launogh's Antique Weapon Emporium.
  6094 | D:5      | Found a staircase to the Ecumenical Temple.
  6276 | D:6      | Reached skill level 5 in Conjurations
  6447 | D:6      | Reached skill level 5 in Spellcasting
  6519 | D:6      | Mangled by an ogre

Illustrated notes

Levels and vault maps discovered:
D:1:      lightli_arrival_quake, layout_basic, chequers_ecumenical_altar_twisty
D:2:      layout_loops_ring, grunt_ministairs_9
D:3:      layout_loops_ring
D:4:      layout_basic
D:5:      nicolae_cairo_tiling_large_dashed, layout_loops_ring,
          temple_hall_moat, serial_shops, shop, kennysheep_little_box,
          minmay_misc_feat_square
D:6:      layout_loops_ring, mainiacjoe_overflow_catch_the_wave,
          nicolae_underground_beach

Skill      XL: |  1  2  3  4  5  6  7 |
---------------+----------------------+-----
Conjurations   | 1 2 3 4 5 |  5.1
Spellcasting   | 2 3 4 5 |  5.0
Fire Magic     | 3 4 5 |  5.8
Dodging        | |  1.7
Stealth        | |  1.7

Action                   |  1- 3 |  4- 6 |  7- 9 || total
-------------------------+-------+-------+-------++-------
Melee: Unarmed           |    10 |       |       ||    10
 Cast: Foxfire           |   108 |    56 |    42 ||   206
       Scorch            |    12 |    12 |    13 ||    37
       Conjure Flame     |       |     1 |     1 ||     2
Evoke: Wand              |       |       |     4 ||     4
  Use: Scroll            |    15 |     2 |     2 ||    19
Armor: Robe              |     9 |     2 |     6 ||    17
Dodge: Dodged            |    33 |     8 |    16 ||    57

Table legend: (Time is in decaauts)
 A = Elapsed time spent in this place.
 B = Non-inter-level travel time spent in this place.
 C = Inter-level travel time spent in this place.
 D = Time resting spent in this place.
 E = Time spent auto-exploring this place.
 F = Levels seen in this place.
 G = Mean time per level.
                   A        B        C        D        E       F      G
               +--------+--------+--------+--------+--------+-----+--------+
         Total |   6524 |   6355 |    169 |     96 |   5404 |   6 | 1087.3 |
       Dungeon |   6524 |   6355 |    169 |     96 |   5404 |   6 | 1087.3 |
               +--------+--------+--------+--------+--------+-----+--------+

Top non-repeatable levels by time:
     D:5: 1659 daAuts
     D:4: 1512 daAuts
     D:1: 1289 daAuts
     D:2: 1062 daAuts
     D:3: 916 daAuts
     D:6: 85 daAuts
